cohdb
Replays
Latest Replays
All Replays
Popular Replays
Top Player Replays
Match Explorer
How It Works
Community
CoH3 Stats
Reddit
Sign in to upload your games and track your stats! →
Sign in with Steam
Match 44635992
Unlisted
Match 44635992
Overview
Messages
Build Orders
End
Construct Section Command Post
Selects Air and Sea Battlegroup
Infantry Section
Infantry Section
Infantry Section
Selects Supply Surplus
Construct Resource Cache
Construct Resource Cache
Construct Platoon Command Post
Construct Resource Cache
Construct Resource Cache
Selects Commando Section Paradrop
Selects M1 Pack Howitzer Paradrop
Infantry Training
Grenade Package
Construct Resource Cache
Unlock M3 Stuart Light Tanks
Construct Company Command Post
Construct Resource Cache
Construct Field Infirmary
Serial Chiller
Borra
JOHNR1
mikes
Bufla
ForneForce
BrD
Ali Zombie
0
0
Comments
sign in to comment!
No comments posted yet!